 Dungeon Crawl Stone Soup version 0.29.1-2-gbd0b4ee654 (webtiles) character file.

Game seed: 11410133457571320823

93 Twinkles the Insei (level 4, -3/33 HPs)
             Began as a Vampire Transmuter on Nov 1, 2022.
             Was a Believer of Kikubaaqudgha.
             Splashed by a jelly's acid (5 damage)
             ... on level 3 of the Dungeon.
             The game lasted 00:10:29 (2468 turns).

Twinkles the Insei (Vampire Transmuter)             Turns: 2468, Time: 00:10:32

Health: -3/33      AC: -5    Str:  9    XL:     4   Next: 37%
Magic:  7/7        EV: 12    Int: 15    God:    Kikubaaqudgha [**....]
Gold:   60         SH:  0    Dex: 16    Spells: 6/8 levels left

rFire   . . .      SeeInvis +   a - +2 dagger (venom)
rCold   . . .      Faith    .   (no shield)
rNeg    . . .      Spirit   .   m - +0 leather armour
rPois   .          Reflect  .   (helmet currently unavailable)
rElec   .          Harm     .   (no cloak)
rCorr   .          Rampage  .   (no gloves)
Will    .....                   (boots currently unavailable)
Stlth   ++........              (no amulet)
HPRegen 0.31/turn               (no ring)
MPRegen 0.10/turn               (no ring)

@: appendages (expiring), corroded, healing quickly
A: horns 2, talons 2, alive, fangs 3, see invisible, vampiric 2
a: Exsanguinate, End Transformation, Renounce Religion, Unearth Wretches


You were on level 3 of the Dungeon.
You worshipped Kikubaaqudgha.
Kikubaaqudgha was pleased with you.
You had temporarily grown beastly horns and talons.
You visited 1 branch of the dungeon, and saw 3 of its levels.

You collected 60 gold pieces.

Inventory:

Hand Weapons
 a - a +2 dagger of venom (weapon)
Armour
 g - a +0 chain mail
 m - a +0 leather armour (worn)
 r - a +0 robe
Scrolls
 c - a scroll of amnesia {unknown}
 d - 2 scrolls of teleportation {unknown}
 e - a scroll of fear {unknown}
 f - a scroll of enchant armour {unknown}
 h - a scroll of torment {unknown}
 j - 2 scrolls of identify {unknown}
 l - 2 scrolls of magic mapping
 n - 2 scrolls of vulnerability {unknown}
 q - 2 scrolls of silence
Potions
 b - 2 potions of lignification
 i - a potion of attraction {unknown}
 k - 2 potions of invisibility {unknown}
 o - a potion of might {unknown}
 p - a potion of resistance {unknown}
 s - a potion of haste {unknown}


   Skills:
 + Level 1.7 Fighting
 + Level 0.1 Short Blades
 + Level 3.0 Dodging
 + Level 2.4 Stealth
 - Level 3.6 Unarmed Combat
 + Level 2.5 Spellcasting
 + Level 1.5 Necromancy
 - Level 2.1 Transmutations


You had 6 spell levels left.
You knew the following spells:

 Your Spells              Type           Power      Damage    Failure   Level
a - Beastly Appendage     Tmut           16%        N/A       12%         1
b - Necrotise             Necr           24%        1d5       16%         1

Your spell library contained the following spells:

 Spells                   Type           Power      Damage    Failure   Level
 Wereblood                Tmut           8%         N/A       19%         2
 Vampiric Draining        Necr           6%         2d6       43%         3
 Spider Form              Tmut/Pois      5%         N/A       50%         3
 Animate Dead             Necr           6%         N/A       83%         4
 Ice Form                 Ice/Tmut       5%         N/A       88%         4
 Anguish                  Hex/Necr       2%         N/A       91%         4


Dungeon Overview and Level Annotations

Branches:
Dungeon (3/15)

Altars:
Kikubaaqudgha

Shops:
D:3 [


Innate Abilities, Weirdness & Mutations

You have temporarily grown beastly horns and talons.
Your natural rate of healing is accelerated.
You have razor-sharp teeth.
You have supernaturally acute eyesight. (SInv)
You are afflicted with vampirism and can become a bat while bloodless.


Message History

You see here a rat corpse.
There is an entrance to Bosi's Antique Armour Shop here.
You can access your shopping list by pressing '$'.
Unknown command.
Unknown command.
Unknown command.
A goblin comes into view. It is wielding a +0 dagger.
Casting: Beastly Appendage (safe; 12% risk of failure)
Press: ? - help, Q - select action, (/) - cycle Dir - look around, f - activate You grow a pair of large bovine horns.
Your feet morph into talons.
Your transformation is almost over.
You hit the goblin.
You kill the goblin!
Kikubaaqudgha accepts your kill.
Magic restored.
You see here a +0 dagger.
Your horns disappear.
Your talons disappear.
Casting: Beastly Appendage (safe; 12% risk of failure)
Press: ? - help, Q - select action, (/) - cycle Dir - look around, f - activate You grow a pair of large bovine horns.
Your feet morph into talons.
The jelly quivers.
Your transformation is almost over.
You hit the jelly.
Your hands burn!
You claw the jelly. You headbutt the jelly.
The jelly is heavily wounded.
The jelly hits you but does no damage.
You hit the jelly. The acid corrodes you!
Your hands burn!
You claw the jelly.
The jelly is severely wounded.
The jelly hits you.
You are splashed with acid!
You hit the jelly.
Your hands burn!
The jelly is severely wounded.
The jelly hits you. The acid corrodes you!
You are splashed with acid!
* * * LOW HITPOINT WARNING * * *
You hit the jelly but do no damage.
The jelly is poisoned.
Your hands burn!
* * * LOW HITPOINT WARNING * * *
The jelly is severely wounded.
The jelly hits you.
* * * LOW HITPOINT WARNING * * *
You are splashed with acid.
You die...
Kikubaaqudgha rasps: "You have failed me!
Welcome... death!"

.....# #.##.# #.# #.#.## ##.###
#.#).# #.# ##+#... #.# #.#.## #.#
##...### #.### #.#.####.#
##.....## #.#.##
#.#.#.##.###.......#
##....########........##.........
...................>...........).
##....##########J...####.........
#...## #@#.## ##.......# ###.##
#.### ##.....## # #.# #.#####
##...## # #.# #.....# ##+#* ###.#
#####.# #.# ....# #.# #.# #####
#.# ####.#### # #.####......). #
#...........#.


You could see a jelly (poisoned).

Vanquished Creatures
  4 adders
  An orc (D:3)
  7 ball pythons
  6 bats
  4 endoplasms
  A giant cockroach (D:1)
  3 goblins
  3 hobgoblins
  4 jackals (D:3)
  5 kobolds
  4 quokkas
  3 frilled lizards (D:1)
  11 rats
56 creatures vanquished.

Notes
Turn   | Place    | Note
-------+----------+-------------------------------------------
     0 | D:1      | Twinkles the Vampire Transmuter began the quest for the
                  | Orb.
     0 | D:1      | Reached XP level 1. HP: 14/14 MP: 3/3
    59 | D:1      | Reached skill level 1 in Fighting
   131 | D:1      | Found a faded altar of an unknown god.
   140 | D:1      | Prayed at the altar of an unknown god.
   140 | D:1      | Became a worshipper of Kikubaaqudgha
   140 | D:1      | Reached * piety under Kikubaaqudgha
   140 | D:1      | Received a gift from Kikubaaqudgha
   143 | D:1      | Learned a level 1 spell: Necrotise
   211 | D:1      | Reached XP level 2. HP: 3/21 MP: 3/5
   301 | D:1      | Reached skill level 1 in Stealth
   845 | D:1      | Reached skill level 1 in Necromancy
   845 | D:1      | Gained mutation: You are afflicted with vampirism and can
                  | become a bat while bloodless. [Vampire growth]
   845 | D:1      | Reached XP level 3. HP: 23/26 MP: 6/6
  1030 | D:2      | Reached ** piety under Kikubaaqudgha
  1821 | D:3      | Reached XP level 4. HP: 32/32 MP: 5/7
  2415 | D:3      | Found Bosi's Antique Armour Shop.
  2468 | D:3      | Splashed by a jelly's acid

Illustrated notes

Levels and vault maps discovered:
D:1:      psy_arrival_fountain, layout_basic, basic_ecumenical_altar
D:2:      layout_loops_cross
D:3:      layout_loops_corners, serial_shops, shop, minmay_misc_feat_encased,
          minmay_misc_feat_tower, uniq_robin

Skill      XL: |  1  2  3  4 |
---------------+-------------+-----
Fighting       | 1 |  1.7
Stealth        | 1 2 |  2.4
Necromancy     | 1 |  1.5
Dodging        | 3 |  3.0
Short Blades   | |  0.1
Unarmed Combat | |  3.6
Spellcasting   | |  2.5
Transmutations | |  2.1

Action                   |  1- 3 |  4- 6 || total
-------------------------+-------+-------++-------
Melee: Unarmed           |   149 |     8 ||   157
       Bite              |    10 |     2 ||    12
       Headbutt          |     5 |     5 ||    10
       Punch             |     3 |       ||     3
       Kick              |     6 |     5 ||    11
       Dagger            |       |    29 ||    29
 Cast: Beastly Appendage |    12 |     6 ||    18
  Use: Scroll            |       |     2 ||     2
 Stab: Sleeping          |     2 |     3 ||     5
Armor: Robe              |    13 |       ||    13
       Chain mail        |    48 |       ||    48
       Leather armour    |    18 |     6 ||    24
Dodge: Dodged            |    66 |    15 ||    81
